Map: Dusk Towers

Players

Muon

  • Race: Protoss Protoss
  • League: Silver

Grumm - Winner!

  • Race: Protoss Protoss
  • League: Gold

VOD

Have the link to the VOD?

Description

Time

  • Played on: Jan. 23, 2016, 2:16 a.m.
  • Length: 14:45
Show
View Real Time Build Order
Export as new Build Order

Muon Protoss 

Build Orders:  

Get SALT Encoding   

  12  0:01  Probe (Chrono Boost)  
  13  0:11  Probe (Chrono Boost)  
  14  0:18  Pylon  
  14  0:24  Probe (Chrono Boost)  
  15  0:37  Forge  
  15  0:39  Probe (Chrono Boost)  
  16  0:54  Pylon, Probe (Chrono Boost)  
  17  1:02  Pylon  
  17  1:05  Probe (Chrono Boost)  
  18  1:15  Probe (Chrono Boost)  
  19  1:21  Gateway  
  19  1:28  Photon Cannon  
  19  1:43  Photon Cannon  
  18  1:51  Probe (Chrono Boost)  
  19  2:04  Nexus  
  19  2:09  Zealot  
  19  2:10  Pylon  
  19  2:13  Photon Cannon  
  21  2:23  Cybernetics Core  
  21  2:32  Assimilator  
  21  2:35  Assimilator, Probe (Chrono Boost)  
  21  2:45  Zealot  
  21  2:49  Probe (Chrono Boost)  
  24  2:53  Pylon  
  24  3:05  Probe (Chrono Boost)  
  25  3:09  Warp Gate (Chrono Boost)  
  25  3:12  Zealot  
  27  3:16  Probe  
  28  3:23  Probe  
  29  3:28  Probe  
  30  3:41  Mothership Core  
  32  3:42  Gateway  
  32  3:45  Probe, Zealot  
  35  3:57  Stargate  
  35  4:01  Probe  
  36  4:02  Probe  
  37  4:12  Probe  
  38  4:17  Pylon  
  38  4:20  Pylon  
  38  4:27  Stalker  
  40  4:36  Zealot  
  42  4:42  Oracle (Chrono Boost)  
  45  4:51  Protoss Air Weapons Level 1  
  45  4:53  Assimilator  
  45  4:54  Probe  
  45  4:55  Probe  
  47  5:02  Assimilator  
  47  5:07  Probe  
  48  5:18  Oracle (Chrono Boost)  
  51  5:24  Gateway  
  51  5:25  Gateway  
  51  5:29  Probe  
  51  5:30  Probe  
  53  5:39  Probe  
  53  5:42  Probe  
  55  5:58  Stalker x2  
  55  6:03  Probe  
  59  6:04  Probe  
  61  6:12  Oracle (Chrono Boost)  
  61  6:16  Pylon  
  64  6:42  Probe  
  64  6:43  Probe  
  66  6:53  Probe  
  66  6:56  Probe  
  72  7:01  Void Ray (Chrono Boost)  
  72  7:03  Probe, Stalker x3  
  72  7:04  Stalker  
  72  7:08  Probe  
  82  7:14  Probe  
  83  7:20  Probe  
  84  7:23  Nexus  
  84  7:27  Pylon  
  84  7:33  Probe  
  84  7:34  Probe  
  86  7:46  Void Ray (Chrono Boost), Pylon, Probe  
  91  7:57  Assimilator  
  91  8:03  Assimilator  
  91  8:05  Protoss Ground Weapons Level 1  
  91  8:06  Twilight Council  
  88  8:42  Stalker x2  
  88  8:43  Stalker x2  
  88  8:46  Probe x2  
  88  8:47  Probe  
  99  8:52  Blink  
  99  8:56  Templar Archives  
  99  8:57  Probe  
  99  9:00  Probe  
  101  9:06  Void Ray (Chrono Boost)  
  101  9:08  Probe  
  101  9:09  Probe  
  105  9:12  Probe  
  107  9:23  Pylon  
  107  9:28  Pylon  
  107  9:29  Probe  
  107  9:31  Probe  
  109  9:39  Pylon  
  109  9:40  Probe  
  109  9:41  Pylon  
  110  9:45  High Templar  
  110  9:46  High Templar x2  
  110  9:47  High Templar  
  110  9:51  Void Ray (Chrono Boost)  
  122  10:02  Psionic Storm  
  122  10:13  Gateway  
  122  10:15  Gateway  
  122  10:16  Gateway  
  122  10:18  Gateway  
  122  10:22  Pylon  
  122  10:28  Stalker  
  122  10:29  Stalker x3  
  130  10:44  Void Ray (Chrono Boost)  
  134  10:52  Protoss Air Armor Level 1, Fleet Beacon  
  134  10:54  Protoss Ground Weapons Level 2  
  134  10:55  Stargate  
  134  11:00  Probe x2  
  134  11:01  Probe  
  137  11:14  Probe  
  137  11:16  Stalker x2  
  137  11:17  Stalker x3  
  148  11:24  Pylon  
  148  11:31  Pylon  
  148  11:34  Pylon  
  148  11:38  Nexus  
  147  11:42  Void Ray (Chrono Boost)  
  151  12:09  Stalker x3  
  144  12:23  Archon  
  103  12:31  Stalker x4  
  103  12:32  Stalker x3  
  46  13:00  Stalker x7  
  46  13:01  Stalker  
  57  13:18  Void Ray (Chrono Boost)  
  65  13:24  Void Ray (Chrono Boost)  
  63  13:38  Pylon  
  42  13:57  Stalker  
  42  13:58  Stalker x2  
Show
View Real Time Build Order
Export as new Build Order

Grumm Protoss - Winner!

Build Orders:  

Get SALT Encoding   

  12  0:01  Probe (Chrono Boost)  
  13  0:11  Probe (Chrono Boost)  
  14  0:20  Pylon  
  14  0:22  Probe (Chrono Boost)  
  15  0:39  Gateway, Probe (Chrono Boost)  
  16  0:46  Assimilator  
  16  0:51  Probe (Chrono Boost)  
  17  1:02  Probe (Chrono Boost)  
  18  1:20  Forge  
  18  1:23  Pylon  
  18  2:00  Probe (Chrono Boost)  
  19  2:08  Photon Cannon  
  19  2:13  Zealot  
  21  2:19  Assimilator  
  20  2:44  Nexus  
  20  2:54  Probe (Chrono Boost)  
  21  3:01  Cybernetics Core  
  21  3:05  Probe (Chrono Boost)  
  22  3:08  Zealot  
  24  3:15  Probe (Chrono Boost)  
  25  3:26  Pylon, Probe (Chrono Boost)  
  26  3:51  Nexus  
  26  4:02  Probe x2 (Chrono Boost)  
  28  4:11  Photon Cannon  
  30  4:17  Mothership Core (Chrono Boost)  
  30  4:21  Probe (Chrono Boost)  
  31  4:32  Robotics Facility  
  31  4:36  Probe (Chrono Boost)  
  31  4:38  Probe (Chrono Boost)  
  33  4:45  Adept  
  33  4:47  Probe (Chrono Boost), Warp Gate (Chrono Boost)  
  33  4:51  Probe (Chrono Boost)  
  37  4:59  Probe  
  38  5:01  Probe  
  38  5:03  Probe  
  38  5:04  Assimilator  
  40  5:11  Probe  
  40  5:14  Probe  
  41  5:15  Pylon  
  41  5:17  Assimilator  
  41  5:21  Stalker  
  44  5:26  Immortal (Chrono Boost)  
  44  5:35  Protoss Ground Weapons Level 1 (Chrono Boost)  
  48  5:40  Probe  
  49  5:46  Gateway  
  49  5:49  Gateway  
  49  5:53  Pylon  
  49  5:54  Probe  
  50  6:00  Probe x2  
  52  6:06  Probe  
  52  6:10  Gateway  
  53  6:12  Probe  
  54  6:18  Probe x2  
  54  6:19  Pylon  
  54  6:24  Assimilator, Probe  
  57  6:30  Probe  
  57  6:31  Pylon  
  51  6:40  Photon Cannon  
  48  6:49  Probe x3  
  46  6:58  Photon Cannon  
  46  7:01  Probe x3  
  47  7:07  Sentry x3  
  55  7:21  Probe x2  
  57  7:25  Photon Cannon  
  57  7:28  Probe  
  58  7:33  Probe x2  
  60  7:39  Robotics Bay  
  60  7:40  Probe  
  60  7:41  Stargate  
  60  7:42  Pylon  
  61  7:47  Stalker  
  61  7:49  Observer, Sentry  
  65  7:55  Probe  
  67  8:00  Photon Cannon  
  67  8:02  Pylon  
  67  8:03  Probe x2  
  69  8:08  Stalker  
  71  8:19  Probe x2  
  72  8:29  Photon Cannon  
  72  8:31  Probe x2  
  72  8:32  Probe  
  73  8:36  Stalker  
  73  8:37  Stalker x2  
  73  8:39  Immortal  
  79  8:43  Probe  
  84  8:53  Extended Thermal Lance  
  84  9:01  Probe  
  84  9:02  Void Ray (Chrono Boost)  
  89  9:08  Stargate  
  89  9:10  Pylon  
  89  9:11  Probe x2  
  89  9:16  Protoss Ground Armor Level 1 (Chrono Boost)  
  91  9:31  Immortal  
  95  9:32  Zealot  
  95  9:33  Zealot x3  
  103  9:48  Void Ray (Chrono Boost)  
  107  9:53  Stalker  
  107  9:54  Stalker x3  
  115  10:06  Probe x2  
  117  10:08  Assimilator, Probe  
  118  10:18  Probe  
  119  10:31  Pylon  
  119  10:33  Void Ray (Chrono Boost)  
  123  10:40  Stalker  
  125  10:46  Pylon  
  125  10:49  Probe  
  130  10:50  Pylon  
  130  10:52  Photon Cannon  
  130  10:54  Pylon  
  130  10:55  Void Ray (Chrono Boost), Pylon  
  130  11:08  Zealot x4  
  142  11:15  Void Ray (Chrono Boost)  
  142  11:17  Colossus  
  148  11:24  Robotics Facility  
  148  11:30  Probe x2  
  154  11:38  Void Ray (Chrono Boost)  
  154  11:52  Adept x4  
  112  12:40  Stalker x4  
  90  12:58  Probe  
  75  13:00  Immortal x2  
  75  13:04  Gateway  
  77  13:06  Void Ray (Chrono Boost)  
  77  13:09  Void Ray (Chrono Boost)  
  85  13:14  Gateway x2  
  85  13:16  Gateway  
  85  13:18  Gateway  
  85  13:19  Pylon  
  85  13:23  Stalker x4  
  91  13:49  Stalker  
  91  13:50  Stalker x2  
Tags
 
Add a new tag
Caveats
  • Supply blocks, unpowered buildings, or Contaminate may cause inaccurate times.
  • Supply counts are checked every 10 seconds.